 Dungeon Crawl Stone Soup version 0.31-a0-152-g6aa68a64a1 (webtiles) character file.

Game seed: 6960505367549340338

106 qw the Shooter (level 4, -3/42 HPs)
             Began as a Naga Hunter on June 10, 2023.
             Slain by an iguana (7 damage)
             ... on level 4 of the Dungeon.
             The game lasted 00:00:47 (1930 turns).

qw the Shooter (Naga Hunter)                        Turns: 1930, Time: 00:00:48

Health: -3/42      AC:  2    Str: 13    XL:     4   Next: 84%
Magic:  4/4        EV:  9    Int:  9    God:
Gold:   119        SH:  0    Dex: 17    Spells: 3/3 levels left

rFire   . . .        Y - +1 shortbow
rCold   . . .        (shield currently unavailable)
rNeg    . . .        c - +0 leather armour
rPois   +            (no helmet)
rElec   .            (no cloak)
rCorr   .            (no gloves)
SInv    +            (no barding)
Will    +....        (no amulet)
Stlth   ++           d - ring of willpower
HPRegen 0.27/turn    (no ring)
MPRegen 0.09/turn

%: no passive effects
@: about to teleport, very slow
A: AC +1, large, see invisible, deformed body, poison resistance, slowness 2,
spit poison 1, naga tail 1
a: Spit Poison


You were on level 4 of the Dungeon.
You visited 1 branch of the dungeon, and saw 4 of its levels.

You collected 119 gold pieces.


Innate Abilities, Weirdness & Mutations

Your serpentine skin is tough. (AC +1)
You have supernaturally acute eyesight. (SInv)
Armour fits poorly on your strangely shaped body.
Your system is resistant to poisons. (rPois)
You cover ground very slowly.
You can spit poison.
You have a snake-like lower body.


   Skills:
 - Level 3.1 Fighting
 + Level 5.0 Ranged Weapons
 - Level 1.5 Dodging
 - Level 1.5 Stealth


You had 3 spell levels left.
You didn't know any spells.
Your spell library was empty.

Inventory:

Hand Weapons
 Y - a +1 shortbow (weapon)
Armour
 c - a +0 leather armour (worn)
Jewellery
 d - a ring of willpower (left hand)
Scrolls
 g - a scroll of identify
Potions
 b - a potion of might
 e - a potion of mutation {unknown}
 f - a potion of ambrosia {unknown}
 h - 3 potions of curing
 i - a potion of heal wounds
 j - a potion of lignification {unknown}

Dungeon Overview and Level Annotations

Branches:
Dungeon (4/15)
 Temple: D:4-7

Altars:
Cheibriados
Vehumet


Message History

You kill the kobold!
1922 ||| INVOKING Spit Poison.
Aiming: Spit Poison (1% risk of failure)
Press: ? - help, Shift-Dir - straight line, f - iguana The splash of poison hits the iguana.
The iguana is poisoned.
The iguana is lightly wounded.
You shoot an arrow. The arrow barely misses the iguana.
The arrow hits the fungus!
The fungus begins to die.
The fungus is lightly damaged.
The iguana bites you!
You shoot an arrow.
The arrow hits the iguana but does no damage.
The iguana is lightly wounded.
The iguana barely misses you.
You shoot an arrow. The arrow barely misses the iguana.
The arrow hits the fungus!
The fungus is lightly damaged.
A nearby fungus withers and dies.
The iguana bites you.
You shoot an arrow. The arrow hits the iguana!
The iguana is heavily wounded.
You have got your breath back.
The iguana bites you.
1927 ||| INVOKING Spit Poison.
Aiming: Spit Poison (1% risk of failure)
Press: ? - help, Shift-Dir - straight line, f/p - iguana The splash of poison misses the iguana.
The iguana looks more healthy.
The iguana bites you!
You shoot an arrow.
The arrow hits the iguana but does no damage.
The iguana is heavily wounded.
The iguana closely misses you.
You shoot an arrow. The arrow hits the iguana.
The iguana is severely wounded.
The iguana bites you. The iguana bites you!
1930 ||| READING scroll of teleportation.
As you read the scroll of teleportation, it crumbles to dust.
You feel strangely unstable.
You have got your breath back.
The iguana bites you!
You die...

#..........
###########.#..#####
.. ...............#
#####..
#######.###....#
....... #.# #....#
....... #.# ###..#
..P.PP. #.# #..#
..P.... #.#
#..##$.P._..
######.#
#...@l......
#....(.#
#...........
#.######
#####......) ##.####
....... ......#
###.... ##.##.# #...
...# # #.. ...# #.
##.#


You could see an iguana.

Vanquished Creatures
  3 adders
  A worm (D:3)
  A dart slug (D:1)
  An orc (D:3)
  6 bats
  6 endoplasms
  2 giant cockroaches
  8 goblins
  9 hobgoblins
  3 jackals (D:2)
  8 kobolds
  4 quokkas
  5 ball pythons
  2 frilled lizards
  2 rats (D:1)
61 creatures vanquished.

Notes
Turn   | Place    | Note
-------+----------+-------------------------------------------
     0 | D:1      | qw the Naga Hunter began the quest for the Orb.
     0 | D:1      | Reached XP level 1. HP: 19/19 MP: 1/1
     0 | D:1      | 0 ||| qw: Version: 0.2-a-29-gd901d54
     0 | D:1      | 0 ||| qw: Game counter: 3995
     0 | D:1      | 0 ||| qw: Always use a shield: true
     0 | D:1      | 0 ||| qw: God list: Okawaru
     0 | D:1      | 0 ||| qw: Allow faded altars: false
     0 | D:1      | 0 ||| qw: Do Orc after D:15 true
     0 | D:1      | 0 ||| qw: Do second Lair branch before Depths: true
     0 | D:1      | 0 ||| qw: Lair rune preference: random
     0 | D:1      | 0 ||| qw: Plans: Normal
     0 | D:1      | 0 ||| PLANNING D:1-11
    19 | D:1      | 19 ||| INVOKING Spit Poison.
    34 | D:1      | 34 ||| INVOKING Spit Poison.
   167 | D:1      | 167 ||| INVOKING Spit Poison.
   187 | D:1      | 187 ||| INVOKING Spit Poison.
   188 | D:1      | Reached skill level 4 in Ranged Weapons
   188 | D:1      | Reached XP level 2. HP: 26/26 MP: 2/2
   199 | D:1      | 199 ||| INVOKING Spit Poison.
   244 | D:1      | 244 ||| INVOKING Spit Poison.
   260 | D:1      | 260 ||| INVOKING Spit Poison.
   312 | D:1      | 312 ||| INVOKING Spit Poison.
   343 | D:1      | 343 ||| INVOKING Spit Poison.
   350 | D:1      | 350 ||| INVOKING Spit Poison.
   450 | D:1      | 450 ||| INVOKING Spit Poison.
   459 | D:1      | 459 ||| INVOKING Spit Poison.
   492 | D:1      | 492 ||| INVOKING Spit Poison.
   493 | D:1      | Reached XP level 3. HP: 32/32 MP: 3/3
   528 | D:1      | 528 ||| INVOKING Spit Poison.
   606 | D:1      | 606 ||| READING scroll labelled IRPHIA BISEO.
   607 | D:1      | 607 ||| READING scroll labelled IRPHOM USHEAM.
   608 | D:1      | 608 ||| READING scroll labelled KELIAF WIFU.
   609 | D:1      | 609 ||| DRINKING 2 lumpy yellow potions.
   610 | D:1      | 610 ||| DRINKING 2 viscous silvery potions.
   611 | D:1      | 611 ||| DROPPING scroll of butterflies.
   693 | D:2      | 693 ||| INVOKING Spit Poison.
   703 | D:2      | 703 ||| INVOKING Spit Poison.
   707 | D:2      | 707 ||| INVOKING Spit Poison.
   713 | D:2      | 713 ||| INVOKING Spit Poison.
   714 | D:2      | 714 ||| INVOKING Spit Poison.
   732 | D:2      | 732 ||| INVOKING Spit Poison.
   747 | D:2      | Found a snail-covered altar of Cheibriados.
   761 | D:2      | 761 ||| INVOKING Spit Poison.
   783 | D:2      | 783 ||| INVOKING Spit Poison.
   787 | D:2      | 787 ||| INVOKING Spit Poison.
   807 | D:2      | 807 ||| INVOKING Spit Poison.
   813 | D:2      | 813 ||| INVOKING Spit Poison.
   845 | D:2      | 845 ||| INVOKING Spit Poison.
   872 | D:2      | 872 ||| INVOKING Spit Poison.
   909 | D:2      | 909 ||| INVOKING Spit Poison.
   911 | D:2      | Reached skill level 5 in Ranged Weapons
   911 | D:2      | Reached XP level 4. HP: 39/39 MP: 4/4
   920 | D:2      | 920 ||| INVOKING Spit Poison.
   980 | D:2      | 980 ||| INVOKING Spit Poison.
   986 | D:2      | 986 ||| INVOKING Spit Poison.
  1070 | D:2      | 1070 ||| UPGRADING to ring of willpower.
  1071 | D:2      | 1071 ||| READING 2 scrolls labelled BENAEH BAUHI.
  1107 | D:3      | 1107 ||| INVOKING Spit Poison.
  1143 | D:3      | 1143 ||| INVOKING Spit Poison.
  1187 | D:3      | 1187 ||| INVOKING Spit Poison.
  1196 | D:3      | 1196 ||| INVOKING Spit Poison.
  1237 | D:3      | 1237 ||| INVOKING Spit Poison.
  1238 | D:3      | 1238 ||| INVOKING Spit Poison.
  1242 | D:3      | 1242 ||| INVOKING Spit Poison.
  1258 | D:3      | 1258 ||| INVOKING Spit Poison.
  1327 | D:3      | 1327 ||| INVOKING Spit Poison.
  1431 | D:3      | 1431 ||| INVOKING Spit Poison.
  1434 | D:3      | 1434 ||| INVOKING Spit Poison.
  1438 | D:3      | 1438 ||| INVOKING Spit Poison.
  1444 | D:3      | Reached skill level 3 in Fighting
  1849 | D:3      | 1849 ||| READING 3 scrolls labelled DOODEA IFUOKAN.
  1850 | D:3      | 1850 ||| READING scroll labelled QOR SES QIALAE.
  1851 | D:3      | 1851 ||| READING scroll labelled DUB FANUVVEZU.
  1852 | D:3      | 1852 ||| READING 2 scrolls of identify.
  1852 | D:3      | 1852 ||| IDENTIFYING ruby potion
  1867 | D:4      | 1867 ||| INVOKING Spit Poison.
  1914 | D:4      | Found a radiant altar of Vehumet.
  1922 | D:4      | 1922 ||| INVOKING Spit Poison.
  1927 | D:4      | 1927 ||| INVOKING Spit Poison.
  1929 | D:4      | HP: 10/42 [iguana (4)]
  1929 | D:4      | HP: 3/42 [iguana (7)]
  1930 | D:4      | 1930 ||| READING scroll of teleportation.
  1930 | D:4      | Slain by an iguana

Levels and vault maps discovered:
D:1:      elethiomel_arrival_quiet, layout_basic, serial_park_tiny_pond
D:2:      layout_basic, basic_altar
D:3:      layout_basic, minmay_splitting_lines, hex_large
D:4:      layout_loops_ring, mainiacjoe_overflow_chevrons,
          minmay_temple_entry_glass, gammafunk_ghost_smash

Skill      XL: |  1  2  3  4 |
---------------+-------------+-----
Ranged Weapons | 4 5 |  5.0
Fighting       | 3 |  3.1
Dodging        | |  1.5
Stealth        | |  1.5

Action                     |  1- 3 |  4- 6 || total
---------------------------+-------+-------++-------
   Fire: Shortbow          |    47 |    56 ||   103
Ability: Spit Poison       |    27 |    17 ||    44
    Use: Scroll            |     3 |     6 ||     9
         Potion            |     2 |       ||     2
 Armour: Leather armour    |     1 |     6 ||     7
  Dodge: Dodged            |     8 |    10 ||    18

Table legend:
 A = Non-vault XP
 B = Vault XP
 C = Vault XP percentage of total XP
 D = Non-vault monster count
 E = Vault monster count
 F = Vault count percentage of total count
                 A         B        C        D         E       F
            +---------+---------+-------+---------+---------+-------
      Total |     152 |       0 |   0.0 |      61 |       0 |   0.0
            +---------+---------+-------+---------+---------+-------
        D:1 |      37 |       0 |   0.0 |      20 |       0 |   0.0
        D:2 |      54 |       0 |   0.0 |      23 |       0 |   0.0
        D:3 |      57 |       0 |   0.0 |      16 |       0 |   0.0
        D:4 |       4 |       0 |   0.0 |       2 |       0 |   0.0
            +---------+---------+-------+---------+---------+-------
